 Dungeon Crawl Stone Soup version 0.28-a0-691-gad6df49e81 (webtiles) character file.

Game seed: 14688076632084951172

994 jasper the Charlatan (level 7, -4/52 HPs)
             Began as a Demonspawn Artificer on Oct 21, 2021.
             Was a Believer of Uskayaw.
             Killed from afar by an orc wizard (13 damage)
             ... with a puff of flame
             ... on level 6 of the Dungeon.
             The game lasted 00:08:14 (5445 turns).

jasper the Charlatan (Demonspawn Artificer)         Turns: 5445, Time: 00:08:14

Health: -4/52      AC: 12    Str: 12    XL:     7   Next: 99%
Magic:  7/7        EV:  9    Int: 13    God:    Uskayaw [**....]
Gold:   142        SH:  8    Dex: 15    Spells: 6/6 levels left

rFire   . . .      SeeInvis .   k - +1 hunting sling (flame)
rCold   . . .      Faith    .   v - +0 kite shield
rNeg    . . .      Spirit   .   o - +0 ring mail
rPois   .          Reflect  .   h - +2 hat
rElec   .          Harm     .   l - +1 cloak
rCorr   .          Rampage  .   A - +0 pair of gloves
Will    +....                   x - +0 pair of boots
Stlth   +.........              (no amulet)
HPRegen 0.17/turn               n - ring of willpower
MPRegen 0.10/turn               (no ring)

@: no status effects
A: horns 2, demonic guardian 1, spiny 2
a: Renounce Religion, Stomp, Line Pass


You were on level 6 of the Dungeon.
You worshipped Uskayaw.
Uskayaw was noncommittal.
You visited 1 branch of the dungeon, and saw 6 of its levels.

You collected 142 gold pieces.

Inventory:

Hand Weapons
 a - a +0 club
 k - a +1 hunting sling of flaming (weapon)
 p - the +9 glaive "Leviticus" {freeze, Fly Dex+3}
   (You found it on level 5 of the Dungeon)

   It freezes those it strikes, dealing additional cold damage.
   It can also slow down cold-blooded creatures.
   Dex:       It affects your dexterity (+3).
   Fly:       It grants you flight.
Missiles
 g - 10 stones (quivered ammo)
 w - a throwing net
Armour
 b - a +0 leather armour
 h - a +2 hat (worn)
 l - a +1 cloak (worn)
 o - a +0 ring mail (worn)
 r - a +0 chain mail
 v - a +0 kite shield (worn)
 x - a +0 pair of boots (worn)
 A - a +0 pair of gloves (worn)
Jewellery
 n - a ring of willpower (left hand)
 z - an amulet of reflection
 B - a ring of flight
Wands
 c - a wand of flame (15)
 d - a wand of charming (16)
 y - a wand of digging (6)
Scrolls
 f - a scroll of teleportation
 j - a scroll of enchant armour
 u - a scroll of magic mapping
Potions
 i - a potion of haste
 m - a potion of invisibility {unknown}
 q - 3 potions of attraction {unknown}
 s - a potion of berserk rage
 t - a potion of curing {unknown}
 C - a potion of resistance {unknown}
Miscellaneous
 e - a piece from Xom's chessboard (15/15)


   Skills:
 + Level 3.3 Fighting
 + Level 3.5 Armour
 + Level 2.9 Dodging
 - Level 0.8 Stealth
 + Level 2.6 Shields
 * Level 4.1 Unarmed Combat
 + Level 1.2 Invocations
 - Level 5.0 Evocations


You had 6 spell levels left.
You didn't know any spells.
Your spell library contained the following spells:

 Spells                   Type           Power      Damage    Failure   Level
 Call Canine Familiar     Summ           0%         N/A       100%        3
 Portal Projectile        Hex/Tloc       0%         N/A       100%        3
 Leda's Liquefaction      Hex/Erth       0%         N/A       100%        4


Dungeon Overview and Level Annotations

Branches:
Dungeon (6/15)
 Temple: D:4-7

Altars:
Uskayaw

Shops:
D:1 (=(

Annotations:
D:3 Grinder


Innate Abilities, Weirdness & Mutations

You have a pair of horns on your head.
A weak demonic guardian rushes to your aid.
You are mostly covered in sharp spines.


Message History

Your ufetubus disappears in a puff of smoke!
Aiming: Charm
Press: ? - help, Shift-Dir - straight line, f/p - orc warrior
Aim: an orc warrior, wielding a +0 glaive and wearing a +0 chain mail (lightly wounded, chance to affect: 61%)
Okay, then.
Aiming: Charm
Press: ? - help, Shift-Dir - straight line, f/p - orc warrior
Aim: an orc warrior, wielding a +0 glaive and wearing a +0 chain mail (lightly wounded, chance to affect: 61%)
Okay, then.
Aiming: Charm
Press: ? - help, Shift-Dir - straight line, f/p - orc warrior
Aim: an orc warrior, wielding a +0 glaive and wearing a +0 chain mail (lightly wounded, chance to affect: 61%)
The orc warrior is charmed.
What are your orders? t - Shout!
Orders for allies: a - Attack new target. p - Attack previous target. r - Retreat! s - Stop attacking. g - Guard the area. f - Follow me.
Anything else - Cancel.
Gang up on whom?
Press: ? - help, Dir - move target, p - orc warrior
Okay, then.
What are your orders? t - Shout!
Orders for allies: a - Attack new target. p - Attack previous target. r - Retreat! s - Stop attacking. g - Guard the area. f - Follow me.
Anything else - Cancel.
Retreat in which direction?
Press: ? - help, Dir - move target, p - orc warrior Fall back!
You can no longer merge with and destroy a victim.
Your white imp disappears in a puff of smoke!
A magic dart appears from out of thin air!
The magic dart hits your orc warrior.
You see here a +0 spear.
You hear some strange, mumbled words.
A puff of flame appears from out of thin air!
The puff of flame hits you!
You die...

#......## #.........#
####......#
#.........#
#({.......##
#.........#
(o###o..o..#
#.........## .
##.o...##
#..........#
#......##
#......<...#
##...#..#
#..........#
##..##)###..........#
#..##..#.@.......###
######){....######
##..#### #.## #.# ...
.... ...... .......


There were no monsters in sight!

Vanquished Creatures
  A water moccasin (D:6)
  An ice beast (D:5)
  A necrophage (D:5)
  A centaur zombie (D:5)
  An orc priest (D:6)
  4 hounds
  An iguana (D:5)
  2 jellies
  Jessica (D:2)
  Ijyb (D:3)
  A scorpion zombie (D:5)
  2 orc wizards
  8 gnolls
  6 adders
  A white imp (D:5)
  2 ufetubi (D:5)
  An adder skeleton (D:2)
  2 worms (D:2)
  4 dart slugs
  5 orcs
  8 ball pythons
  3 giant cockroaches
  9 goblins
  3 hobgoblins
  2 jackals (D:3)
  5 quokkas
  5 bats
  4 frilled lizards
  9 kobolds
  9 rats
103 creatures vanquished.

Vanquished Creatures (collateral kills)
  An orc priest (D:5)
  An iguana (D:4)
  A ball python (D:4)
3 creatures vanquished.

Vanquished Creatures (others)
  2 gnolls (D:4)
  An endoplasm (D:4)
  4 plants (D:1)
7 creatures vanquished.

Grand Total: 113 creatures vanquished

Notes
Turn   | Place    | Note
-------+----------+-------------------------------------------
     0 | D:1      | jasper the Demonspawn Artificer began the quest for the
                  | Orb.
     0 | D:1      | Reached XP level 1. HP: 15/15 MP: 1/1
    24 | D:1      | Found Faifucaf's Jewellery Boutique.
   185 | D:1      | Found Avanuunaec's Antique Weapon Boutique.
   277 | D:1      | Discovered your monstrous ancestry.
   277 | D:1      | Gained mutation: You have a pair of small horns on your
                  | head. [demonic ancestry]
   277 | D:1      | Reached XP level 2. HP: 18/21 MP: 2/2
   343 | D:1      | Found Xesu Pisch's Weapon Boutique.
   689 | D:1      | Found a faded altar of an unknown god.
  1223 | D:1      | Reached skill level 4 in Evocations
  1473 | D:2      | Gained mutation: You are partially covered in sharp spines.
                  | [demonic ancestry]
  1473 | D:2      | Reached XP level 3. HP: 26/26 MP: 3/3
  1580 | D:2      | Noticed Jessica
  1588 | D:2      | Killed Jessica
  1684 | D:2      | Gained mutation: A weak demonic guardian rushes to your
                  | aid. [demonic ancestry]
  1684 | D:2      | Reached XP level 4. HP: 32/32 MP: 4/4
  1724 | D:2      | Reached skill level 5 in Evocations
  1900 | D:2      | Reached skill level 1 in Dodging
  2504 | D:3      | Noticed a steam dragon
  2547 | D:4      | Reached skill level 1 in Unarmed Combat
  2561 | D:4      | Reached XP level 5. HP: 9/37 MP: 5/5
  2814 | D:3      | Noticed Ijyb
  2824 | D:3      | Killed Ijyb
  3530 | D:3      | Noticed Grinder
  3530 | D:3      | Paralysed by Grinder for 2 turns
  3555 | D:4      | Reached skill level 1 in Shields
  3637 | D:5      | Entered Level 5 of the Dungeon
  3735 | D:5      | Gained mutation: You are mostly covered in sharp spines.
                  | [demonic ancestry]
  3735 | D:5      | Reached XP level 6. HP: 44/44 MP: 6/6
  3736 | D:5      | Identified the +9 glaive "Leviticus" {freeze, Fly Dex+3}
  4140 | D:5      | Noticed an ice beast
  4149 | D:5      | Killed an ice beast
  4405 | D:5      | Gained mutation: You have a pair of horns on your head.
                  | [demonic ancestry]
  4405 | D:5      | Reached XP level 7. HP: 51/51 MP: 7/7
  4703 | D:5      | Found a hide-covered altar of Uskayaw.
  5234 | D:5      | Became a worshipper of Uskayaw the Reveller
  5373 | D:6      | Reached * piety under Uskayaw
  5377 | D:6      | Reached ** piety under Uskayaw
  5382 | D:6      | Reached *** piety under Uskayaw
  5419 | D:6      | Reached **** piety under Uskayaw
  5420 | D:6      | Reached skill level 1 in Invocations
  5423 | D:6      | Reached ***** piety under Uskayaw
  5445 | D:6      | Killed from afar by an orc wizard

Illustrated notes

Levels and vault maps discovered:
D:1:      evilmike_arrival_crescent, layout_basic, serial_shops,
          nicolae_lakefront_shop, nicolae_shop_behind_doors,
          nicolae_shop_overgrown_old_shop, shapermc_ecumenical_altar_acropolis,
          hex_intersection, nrook_campfire, dk_noncrumbling_4
D:2:      layout_loops_cross, hangedman_abyss_or_decor_stabs, uniq_jessica
D:3:      layout_loops_ring, chequers_serial_rivers_room_b, uniq_grinder,
          uniq_ijyb
D:4:      layout_cave_pools, minivault_26
D:5:      layout_loops_ring, lemuel_crystal_altar, roderic_roman_lattice
D:6:      layout_cave_pods, mainiacjoe_overflow_six_doors_small,
          minmay_temple_entry_overgrown

Skill      XL: |  1  2  3  4  5  6  7 |
---------------+----------------------+-----
Evocations     | 4 5 |  5.0
Dodging        | 1 2 |  2.9
Armour         | 2 3 |  3.5
Unarmed Combat | 1 2 3 4 |  4.1
Shields        | 1 2 |  2.6
Fighting       | 2 3 |  3.3
Invocations    | 1 |  1.2
Stealth        | |  0.8

Action                   |  1- 3 |  4- 6 |  7- 9 || total
-------------------------+-------+-------+-------++-------
Melee: Club              |    33 |       |       ||    33
       Headbutt          |     1 |       |       ||     1
 Fire: Hunting sling     |    58 |   144 |    79 ||   281
Evoke: Wand              |       |    10 |     1 ||    11
  Use: Scroll            |       |     7 |     2 ||     9
Armor: Leather armour    |    14 |       |       ||    14
       Ring mail         |     6 |    33 |    20 ||    59
Dodge: Dodged            |    36 |    29 |    27 ||    92
Block: Kite shield       |       |    26 |    38 ||    64

Table legend: (Time is in decaauts)
 A = Elapsed time spent in this place.
 B = Non-inter-level travel time spent in this place.
 C = Inter-level travel time spent in this place.
 D = Time resting spent in this place.
 E = Time spent auto-exploring this place.
 F = Levels seen in this place.
 G = Mean time per level.
                   A        B        C        D        E       F      G
               +--------+--------+--------+--------+--------+-----+--------+
         Total |   5570 |   5107 |    463 |    938 |   3211 |   6 |  928.3 |
       Dungeon |   5570 |   5107 |    463 |    938 |   3211 |   6 |  928.3 |
               +--------+--------+--------+--------+--------+-----+--------+

Top non-repeatable levels by time:
     D:5: 1554 daAuts
     D:1: 1417 daAuts
     D:3: 1250 daAuts
     D:2: 901 daAuts
     D:6: 314 daAuts
     D:4: 131 daAuts
